Map: Jagannatha LE

Players

Krystianer

  • Race: Protoss Protoss
  • League: Grandmaster

AGOElazer (Elazer) - Winner!

  • Race: Zerg Zerg
  • League: Grandmaster

Event: DreamHack SC2 Masters 2021 Summer

VOD

Have the link to the VOD?

Description

Time

  • Played on: May 20, 2021, 1:34 p.m.
  • Length: 10:53

All games in this series

Show
View Real Time Build Order
Export as new Build Order

Krystianer Protoss 

Build Orders: 1 Gate Expand, Oracle Opening, Archon Immortal, Archon Drop 

Get SALT Encoding   

  12  0:00  Probe  
  13  0:12  Probe  
  14  0:19  Pylon  
  14  0:24  Probe  
  15  0:37  Probe (Chrono Boost)  
  16  0:42  Gateway  
  16  0:46  Probe (Chrono Boost)  
  16  0:47  Assimilator  
  17  0:51  Probe (Chrono Boost)  
  18  1:03  Probe  
  19  1:15  Probe  
  20  1:24  Nexus  
  20  1:34  Cybernetics Core  
  20  1:37  Probe  
  21  1:41  Assimilator  
  21  1:49  Probe  
  21  1:52  Pylon  
  22  2:01  Probe  
  22  2:08  Adept (Chrono Boost)  
  23  2:13  Probe  
  26  2:19  Stargate  
  26  2:26  Probe (Chrono Boost)  
  26  2:28  Adept (Chrono Boost)  
  27  2:32  Warp Gate  
  27  2:36  Probe (Chrono Boost)  
  30  2:43  Probe (Chrono Boost)  
  31  2:46  Probe (Chrono Boost)  
  31  2:50  Probe (Chrono Boost)  
  31  2:51  Probe (Chrono Boost)  
  34  3:00  Oracle (Chrono Boost), Shield Battery  
  34  3:02  Probe  
  34  3:04  Probe  
  39  3:09  Stalker  
  41  3:14  Probe  
  41  3:16  Probe  
  43  3:26  Probe  
  44  3:28  Probe  
  41  3:36  Assimilator  
  41  3:37  Gateway  
  41  3:39  Assimilator  
  41  3:40  Probe x2 (Chrono Boost), Pylon  
  43  3:46  Robotics Facility  
  43  3:54  Twilight Council  
  43  3:55  Probe x2 (Chrono Boost)  
  45  4:00  Probe (Chrono Boost)  
  45  4:02  Probe  
  47  4:07  Pylon  
  47  4:11  Probe  
  47  4:14  Probe  
  49  4:23  Probe  
  50  4:26  Gateway x2  
  50  4:30  Warp Prism (Chrono Boost)  
  50  4:35  Adept x2  
  56  4:40  Templar Archives  
  56  4:47  Pylon  
  56  4:54  Nexus  
  56  4:58  Probe x2  
  58  5:02  Forge  
  58  5:12  Probe x2, Pylon  
  60  5:24  Probe  
  60  5:27  High Templar x4  
  60  5:28  Immortal (Chrono Boost)  
  73  5:38  Archon x2  
  72  5:42  Probe  
  72  5:46  Probe  
  71  5:54  Probe  
  72  5:57  Immortal (Chrono Boost)  
  72  5:58  Probe (Chrono Boost)  
  77  6:05  Gateway x2  
  77  6:07  Probe (Chrono Boost)  
  77  6:11  Probe (Chrono Boost), Assimilator  
  80  6:12  Probe (Chrono Boost), Sentry  
  80  6:13  Sentry x2  
  80  6:14  Assimilator  
  80  6:17  Probe (Chrono Boost), Pylon  
  80  6:18  Probe (Chrono Boost)  
  88  6:20  Probe (Chrono Boost)  
  88  6:21  Probe (Chrono Boost)  
  88  6:25  Probe  
  90  6:29  Pylon  
  90  6:32  Probe  
  92  6:33  Probe  
  92  6:38  Charge  
  93  6:41  Gateway  
  93  6:45  Gateway  
  93  6:46  Immortal (Chrono Boost)  
  93  6:48  Pylon  
  93  6:51  Probe  
  93  6:52  Probe  
  99  6:54  Protoss Ground Weapons Level 1  
  99  6:55  Pylon  
  99  7:00  High Templar x2, Zealot x3  
  109  7:06  Archon  
  108  7:10  Pylon  
  108  7:11  Shield Battery  
  108  7:13  Shield Battery  
  108  7:15  Immortal (Chrono Boost)  
  108  7:19  Zealot  
  112  7:29  Zealot x2  
  111  7:30  Zealot  
  111  7:35  Zealot x2  
  91  7:52  Zealot x6  
  91  7:55  Immortal (Chrono Boost)  
  95  8:01  Probe x2  
  92  8:06  Probe  
  92  8:10  Pylon  
  92  8:13  Probe x2, Pylon  
  84  8:27  Probe  
  84  8:28  Probe  
  77  8:43  Immortal  
  77  8:44  Nexus  
  77  8:49  Zealot x3  
  82  8:57  Zealot  
  79  9:03  Probe  
  79  9:08  Zealot x3  
  81  9:10  Probe  
  81  9:15  Probe  
  81  9:17  Zealot  
  81  9:22  Probe  
  84  9:27  Probe, Zealot x2  
  82  9:45  Probe  
  78  9:46  Nexus  
  75  10:01  Pylon  
  75  10:04  Probe  
  76  10:08  Pylon  
  76  10:11  Probe  
  77  10:20  Pylon  
  77  10:21  Zealot x2, Pylon  
  81  10:29  Sentry  
  81  10:30  Sentry x2  
  81  10:32  Probe  
  81  10:35  Probe  
  89  10:38  Shield Battery  
  89  10:45  Sentry, Stalker  
Show
View Real Time Build Order
Export as new Build Order

AGOElazer Zerg - Winner!

Build Orders: Hatch First 

Get SALT Encoding   

  12  0:00  Drone  
  13  0:12  Overlord  
  13  0:17  Drone  
  14  0:30  Drone x2  
  16  0:48  Hatchery  
  15  0:52  Drone  
  15  0:56  Drone  
  17  0:59  Drone  
  18  1:09  Extractor  
  17  1:13  Spawning Pool  
  17  1:17  Drone  
  17  1:20  Drone  
  18  1:28  Drone  
  19  1:38  Drone  
  20  1:49  Hatchery  
  20  1:52  Drone  
  20  2:00  Queen  
  22  2:02  Drone  
  22  2:06  Drone  
  24  2:10  Drone  
  24  2:14  Overlord  
  25  2:22  Queen  
  27  2:25  Drone  
  28  2:33  Zergling x2  
  28  2:34  Drone x2  
  31  2:40  Queen  
  33  2:44  Drone  
  33  2:45  Drone  
  35  2:54  Drone  
  35  2:56  Metabolic Boost  
  36  3:01  Zergling x2  
  36  3:02  Overlord  
  36  3:05  Zergling x2  
  38  3:06  Zergling x2  
  38  3:07  Queen  
  41  3:18  Overlord  
  40  3:22  Drone x2  
  40  3:26  Drone  
  39  3:28  Drone x2  
  39  3:30  Drone x2  
  39  3:31  Drone  
  39  3:33  Drone  
  43  3:40  Drone x2  
  45  3:46  Drone  
  46  3:50  Spore Crawler  
  46  3:54  Drone x2  
  47  4:01  Drone x2  
  47  4:02  Drone  
  50  4:07  Drone x3  
  50  4:12  Drone x3  
  50  4:15  Drone x3  
  56  4:17  Queen  
  56  4:22  Overlord  
  58  4:32  Overlord  
  58  4:39  Overlord  
  58  4:41  Drone x7  
  58  4:44  Drone  
  66  4:47  Roach Warren  
  66  4:50  Drone  
  66  4:51  Overlord  
  66  4:53  Drone x3  
  66  4:56  Queen  
  71  5:01  Lair  
  71  5:04  Extractor x2  
  71  5:05  Extractor, Overlord  
  73  5:07  Drone x5  
  73  5:09  Drone x2  
  73  5:10  Drone  
  73  5:12  Drone  
  77  5:17  Overlord  
  77  5:20  Drone x4  
  77  5:23  Drone  
  74  5:30  Overlord  
  74  5:32  Drone x2  
  74  5:34  Extractor  
  72  5:41  Drone x4  
  73  5:43  Drone  
  73  5:50  Drone  
  73  5:51  Overlord  
  73  5:55  Overlord  
  73  5:56  Roach  
  73  5:57  Roach  
  76  5:58  Glial Reconstitution  
  76  6:00  Overlord  
  76  6:02  Roach  
  76  6:03  Roach x4  
  86  6:05  Overseer  
  86  6:06  Overlord  
  86  6:18  Overlord  
  86  6:29  Nydus Network  
  85  6:33  Overlord  
  85  6:37  Roach x5  
  85  6:38  Roach x7  
  109  6:43  Overlord  
  109  6:56  Roach  
  109  6:57  Roach x6  
  122  7:06  Nydus Canal  
  121  7:09  Roach x7  
  121  7:13  Roach  
  121  7:14  Overlord, Roach  
  139  7:21  Roach x2  
  139  7:22  Roach x2  
  147  7:30  Nydus Canal  
  147  7:32  Roach x3  
  149  7:44  Roach x5  
  151  7:51  Roach x2  
  145  7:55  Roach  
  129  8:04  Roach x3  
  125  8:10  Roach  
  121  8:14  Queen x3, Roach x2  
  131  8:23  Roach x3  
  131  8:27  Hatchery  
  128  8:33  Roach  
  122  8:36  Roach x2  
  122  8:38  Nydus Canal  
  116  8:47  Roach  
  116  8:48  Roach x2  
  118  8:57  Roach x3  
  118  9:06  Nydus Canal  
  118  9:08  Roach x3  
  114  9:21  Roach  
  114  9:22  Roach x2  
  116  9:30  Nydus Canal  
  114  9:33  Roach  
  114  9:34  Roach x2  
  116  9:39  Queen  
  116  9:40  Roach x4  
  116  9:44  Roach x4  
  134  9:49  Roach x6  
  146  9:54  Roach x3  
  146  9:57  Nydus Canal  
  152  10:01  Roach x2  
  152  10:05  Extractor  
  155  10:11  Roach x2  
  155  10:12  Overlord  
  155  10:13  Overlord  
  159  10:25  Overlord x2  
  159  10:30  Ravager  
  159  10:31  Ravager x8  
  159  10:34  Nydus Canal  
Tags
 
Add a new tag
Caveats
  • Supply blocks, unpowered buildings, or Contaminate may cause inaccurate times.
  • Supply counts are checked every 10 seconds.